 Dungeon Crawl Stone Soup version 0.23.1-37-gaa34b87 (webtiles) character file.

Game seed: 5562549407896684809

7524 Fang the Fighter (level 11, -4/72 HPs)
             Began as a Gargoyle Berserker on Mar 22, 2019.
             Was a High Priest of Trog.
             Slain by a cyclops (26 damage)
             ... on level 11 of the Dungeon.
             The game lasted 00:10:00 (9413 turns).

Fang the Fighter (Gargoyle Berserker)               Turns: 9413, Time: 00:10:03

Health: -4/72      AC: 19    Str: 25    XL:     11   Next: 16%
Magic:  3/3        EV: 11    Int:  7    God:    Trog [*****.]
Gold:   398        SH:  0    Dex:  9    Spells: 10/10 levels left

rFire    . . .     SeeInvis +   a - +3 battleaxe (antimagic)
rCold    . . .     Gourm    .   (shield currently unavailable)
rNeg     + . .     Faith    .   j - +0 chain mail
rPois    ∞         Spirit   .   (no helmet)
rElec    +         Reflect  .   (no cloak)
rCorr    .         Harm     .   (no gloves)
MR       .....                  (no boots)
Stlth    ..........             (no amulet)
HPRegen  0.22/turn              m - ring of attention (curse)
MPRegen  0.08/turn              B - ring of see invisible

@: berserk cooldown, slowed, very slow
A: negative energy resistance 1, electricity resistance, unbreathing,
petrification resistance, rot immunity, AC +8
a: Berserk, Trog's Hand, Brothers in Arms, Renounce Religion


You were on level 11 of the Dungeon.
You worshipped Trog.
Trog was extremely pleased with you.
You were near starving.

You visited 2 branches of the dungeon, and saw 12 of its levels.

You collected 593 gold pieces.
You spent 195 gold pieces at shops.

Inventory:

Hand Weapons
 a - a +3 antimagic battleaxe (weapon)
 l - a +2 hand axe of freezing
 M - a +0 war axe
Armour
 j - a +0 chain mail (worn)
Jewellery
 m - a cursed ring of attention (left hand)
 B - a ring of see invisible (right hand)
 I - an uncursed ring of ice {unknown}
Wands
 q - a wand of iceblast (7)
 y - a wand of flame (22)
 z - a wand of random effects (19)
 A - a wand of paralysis (7)
 D - a wand of digging (1)
 H - a wand of acid (10)
Scrolls
 b - 9 scrolls of identify
 e - 2 scrolls of fog {unknown}
 i - a scroll of noise {unknown}
 k - 7 scrolls of teleportation {unknown}
 p - 4 scrolls of remove curse {unknown}
 t - 2 scrolls of immolation {unknown}
 v - 2 scrolls of enchant armour {unknown}
 x - 3 scrolls of magic mapping
 E - a scroll of brand weapon {unknown}
 F - a scroll of acquirement {unknown}
 J - a scroll of blinking {unknown}
 L - a scroll of holy word {unknown}
Potions
 d - 6 potions of flight {unknown}
 f - 7 potions of curing {unknown}
 g - 3 potions of agility {unknown}
 h - 2 potions of heal wounds {unknown}
 n - a potion of haste {unknown}
 o - a potion of ambrosia {unknown}
 r - 3 potions of lignification {unknown}
 s - 2 potions of invisibility {unknown}
 u - a potion of brilliance {unknown}
 w - a potion of cancellation
 C - a potion of might {unknown}
 G - a potion of mutation {unknown}
 K - a potion of berserk rage {unknown}
Comestibles
 c - 24 rations
 N - 2 chunks of flesh


   Skills:
 + Level 9.8 Fighting
 + Level 8.3 Axes
 + Level 9.5 Armour
 + Level 7.3 Dodging


You had 10 spell levels left.
You didn't know any spells.
Your spell library was empty.

Dungeon Overview and Level Annotations

Branches:
Dungeon (11/15)            Temple (1/1) D:4            Lair (0/6) D:11
    Orc (0/2) D:11

Altars:
Makhleb
Uskayaw

Shops:
D:7 =   D:10 !%}}*   D:11 [!?


Innate Abilities, Weirdness & Mutations

You are resistant to torment.
Your stone body is resilient. (AC +8)
You are immune to poison.
You resist negative energy. (rN+)
You are resistant to electric shocks. (rElec)
You can survive without breathing.
You are immune to petrification.
You are immune to rotting.


Message History

You are no longer berserk.
You are exhausted.
You feel yourself slow down.
The leopard gecko bites you but does no damage.
Your chain mail prevents you from hitting the hungry ghost.
You barely miss the leopard gecko.
The leopard gecko completely misses you.
The hungry ghost hits you.
You are feeling very hungry.
The leopard gecko bites you but does no damage.
The hungry ghost closely misses you.
You miss the hungry ghost. You closely miss the leopard gecko.
You hit the cyclops.
The leopard gecko bites you but does no damage.
The hungry ghost hits you.
You are near starving!
The cyclops barely misses you.
The leopard gecko bites you but does no damage.
The hungry ghost closely misses you. The cyclops hits you!!
You die...

,,###.......#########******,,*
,,.≈...#.............,,,,,,,,*
,*...#..#........#+#,,,,,,,,,*
**P.,##.#####.##.+∩+,*******,*
,,P,,,..* #(#**#+#** *,*
,,,>,..≈* #(####.#####****,*
,,,,P..,#####.(.........,,,,>*
**,,,**,#.....(l........,,,,,*
,*,,,*,,#.......@.......,,,,,*
,,,≈,,,#...(...CW.......,,,,,*
,,***,,......(..........,,,,,*
,,,,,,,.................,,,,,*
,,,,,,,..(..............,,,,,*
,,,,,,,.................,,,,,*
,,,,,,,.................,,,,,*
,,,,,,,,................,,,,,*
******************************


You could see a cyclops, a hungry ghost and a leopard gecko.

Vanquished Creatures
  A cyclops (D:11)
  A hornet (D:9)
  4 hippogriffs
  A spriggan (D:8)
  A wraith (D:10)
  5 yaks (D:10)
  A wyvern (D:10)
  Edmund (D:4)
  A soldier ant (D:10)
  2 water moccasins
  A phantom (D:5)
  3 sky beasts
  2 black bears
  3 ice beasts
  An eye of draining (D:10)
  6 ogres
  A necrophage (D:10)
  2 centaurs
  3 big kobolds
  7 bullfrogs
  A wyvern zombie (D:6)
  14 killer bees
  2 crimson imps
  4 howler monkeys (D:6)
  3 hounds
  2 quasits
  2 jellies
  A bullfrog skeleton (D:10)
  7 orc priests
  A gnoll shaman (D:8)
  3 centaur skeletons
  8 orc wizards
  3 iguanas
  6 worker ants
  A howler monkey zombie (D:8)
  14 gnolls
  12 adders
  2 shadow imps
  2 adder zombies
  3 adder skeletons
  3 worms
  3 dart slugs
  7 leopard geckos
  38 orcs
  7 giant cockroaches
  11 goblins
  7 hobgoblins
  9 jackals
  8 quokkas
  2 ball pythons (D:1)
  6 bats
  6 frilled lizards
  21 kobolds
  2 leopard gecko skeletons
  11 rats
279 creatures vanquished.

Notes
Turn   | Place    | Note
-------+----------+-------------------------------------------
     0 | D:1      | Fang the Gargoyle Berserker began the quest for the Orb.
     0 | D:1      | Reached XP level 1. HP: 14/14 MP: 1/1
    79 | D:1      | Reached XP level 2. HP: 11/19 MP: 2/2
   435 | D:1      | Reached XP level 3. HP: 19/23 MP: 3/3
   574 | D:1      | Reached ** piety under Trog
  1096 | D:2      | Reached XP level 4. HP: 29/29 MP: 4/4
  1883 | D:2      | Reached XP level 5. HP: 33/33 MP: 5/5
  2238 | D:3      | Reached *** piety under Trog
  2639 | D:4      | Noticed Edmund
  2645 | D:4      | Killed Edmund
  2645 | D:4      | Reached XP level 6. HP: 39/39 MP: 6/6
  3230 | D:4      | Found a staircase to the Ecumenical Temple.
  3289 | Temple   | Entered the Ecumenical Temple
  3316 | D:5      | Entered Level 5 of the Dungeon
  3326 | D:5      | Noticed a water moccasin
  3327 | D:5      | Reached skill level 5 in Fighting
  3334 | D:5      | Reached XP level 7. HP: 44/44 MP: 7/7
  3611 | D:5      | Reached skill level 5 in Armour
  3704 | D:5      | Reached **** piety under Trog
  3712 | D:5      | Reached XP level 8. HP: 12/51 MP: 8/8
  4215 | D:5      | Reached skill level 5 in Axes
  4325 | D:6      | Found a burning altar of Makhleb.
  4729 | D:6      | Found a hide-covered altar of Uskayaw.
  4792 | D:6      | Reached XP level 9. HP: 35/56 MP: 9/9
  5407 | D:7      | Reached skill level 5 in Dodging
  5515 | D:7      | Found Tymuwky's Jewellery Boutique.
  5524 | D:7      | Reached ***** piety under Trog
  6498 | D:8      | Reached XP level 10. HP: 48/64 MP: 10/10
  6676 | D:8      | You fall through a shaft!
  7314 | D:10     | Entered Level 10 of the Dungeon
  7951 | D:10     | Found Eraidui's General Store.
  7969 | D:10     | Bought an uncursed ring of see invisible for 195 gold
                  | pieces
  8195 | D:10     | Found Mixoisol's Gadget Shop.
  8212 | D:10     | Found Ucuojes's Gadget Emporium.
  8280 | D:10     | Found Kiliz's Distillery.
  8321 | D:10     | Reached XP level 11. HP: 49/71 MP: 11/11
  8741 | D:10     | Found Quxoq's Food Boutique.
  9152 | D:11     | Found Maca's Magic Scroll Shoppe.
  9174 | D:11     | Found Jintom's Distillery.
  9264 | D:11     | Noticed a cyclops
  9278 | D:11     | Killed a cyclops
  9278 | D:11     | Received a gift from Trog
  9340 | D:11     | Found Faguon's Armour Emporium.
  9404 | D:11     | Noticed a cyclops
  9413 | D:11     | Slain by a cyclops

Skill      XL: |  1  2  3  4  5  6  7  8  9 10 |
---------------+-------------------------------+-----
Dodging        | 2 3 4 5 7 |  7.3
Axes           | 3 4 5 6 8 |  8.3
Fighting       | 4 5 6 8 9 |  9.8
Armour         | 3 4 5 6 7 9 |  9.5

Action                   |  1- 3 |  4- 6 |  7- 9 | 10-12 || total
-------------------------+-------+-------+-------+-------++-------
Melee: Hand axe          |   117 |   174 |   356 |   342 ||   989
       Battleaxe         |       |       |       |    12 ||    12
Invok: Berserk           |     1 |     3 |     4 |     5 ||    13
       Trog's Hand       |       |       |     1 |       ||     1
  Use: Scroll            |       |       |       |     2 ||     2
  Eat: Chunk             |     1 |    10 |    16 |    10 ||    37
       Ration            |       |       |       |     1 ||     1
Armor: Animal skin       |    30 |       |       |       ||    30
       Chain mail        |    22 |    92 |   278 |   254 ||   646
Dodge: Dodged            |    73 |    71 |   239 |   212 ||   595
